 Dungeon Crawl Stone Soup version 0.29.1-12-g30fa7ad0bf (webtiles) character file.

Game seed: 11429773710979621309

149 xian the Chopper (level 5, -2/45 HPs)
             Began as a Hill Orc Gladiator on Dec 17, 2022.
             Succumbed to a gnoll sergeant's poison
             ... on level 4 of the Dungeon.
             The game lasted 00:07:30 (2627 turns).

xian the Chopper (Hill Orc Gladiator)               Turns: 2627, Time: 00:07:31

Health: -2/45      AC:  7    Str: 19    XL:     5   Next: 31%
Magic:  5/5        EV: 11    Int:  8    God:
Gold:   212        SH:  0    Dex: 12    Spells: 4/4 levels left

rFire   x . .      SeeInvis .   a - +0 war axe
rCold   + + .      Faith    .   (no shield)
rNeg    . . .      Spirit   .   j - +0 ring mail
rPois   .          Reflect  .   l - +0 helmet
rElec   .          Harm     .   (no cloak)
rCorr   .          Rampage  .   (no gloves)
Will    .....                   s - +0 pair of boots
Stlth   +.........              (no amulet)
HPRegen 0.15/turn               c - ring of protection from cold
MPRegen 0.09/turn               v - ring of ice

@: lethally poisoned (-2 -> -19)
A: no striking features
a: no special abilities


You were on level 4 of the Dungeon.
You visited 1 branch of the dungeon, and saw 4 of its levels.

You collected 212 gold pieces.

Inventory:

Hand Weapons
 a - a +0 war axe (weapon)
Missiles
 d - 2 throwing nets (quivered)
 e - a javelin
 o - 2 boomerangs
Armour
 j - a +0 ring mail (worn)
 l - a +0 helmet (worn)
 s - a +0 pair of boots (worn)
Jewellery
 c - a ring of protection from cold (left hand)
 v - a ring of ice (right hand)
Scrolls
 b - 2 scrolls of butterflies {unknown}
 f - 3 scrolls of teleportation {unknown}
 h - a scroll of poison {unknown}
 p - 2 scrolls of identify {unknown}
 q - 2 scrolls of fear {unknown}
 r - a scroll of amnesia {unknown}
 t - a scroll of noise {unknown}
Potions
 g - 3 potions of cancellation {unknown}
 i - 3 potions of curing
 k - 2 potions of might {unknown}
 m - a potion of degeneration {unknown}
 n - 2 potions of heal wounds {unknown}
 w - a potion of invisibility {unknown}


   Skills:
 + Level 3.1 Fighting
 + Level 5.8 Axes
 + Level 1.8 Throwing
 + Level 2.2 Armour
 + Level 3.1 Dodging
 + Level 0.1 Stealth


You had 4 spell levels left.
You didn't know any spells.
Your spell library contained the following spells:

 Spells                   Type           Power      Damage    Failure   Level
 Shock                    Conj/Air       0%         1d3       58%         1
 Ensorcelled Hibernation  Hex/Ice        0%         N/A       73%         2
 Passwall                 Tmut/Erth      0%         N/A       73%         2
 Static Discharge         Conj/Air       0%         3-3/arc   73%         2
 Gell's Gravitas          Tloc           0%         N/A       91%         3
 Lesser Beckoning         Tloc           0%         N/A       91%         3
 Swiftness                Air            0%         N/A       91%         3
 Teleport Other           Tloc           0%         N/A       91%         3
 Airstrike                Air            0%         2d(0-16)  100%        4
 Lightning Bolt           Conj/Air       0%         1d11      100%        5
 Maxwell's Capacitive Co  Air            0%         ∞         100%        8


Dungeon Overview and Level Annotations

Branches:
Dungeon (4/15)
 Temple: D:4-7

Altars:
Vehumet

Shops:
D:1 [   D:2 [


Message History

The gnoll sergeant is heavily wounded.
You closely miss the gnoll.
The gnoll sergeant looks more healthy.
The gnoll sergeant hits you with a +2 spear of venom!
You are poisoned.
The gnoll hits you from afar with a +0 spear.
The gnoll hits you but does no damage. x2
You hit the gnoll sergeant.
The gnoll sergeant is severely wounded.
You slash the gnoll!
You feel sick. The gnoll sergeant barely misses you.
The gnoll hits you but does no damage. x2
The gnoll hits you from afar with a +0 spear.
The gnoll sergeant blocks your attack.
The gnoll sergeant is severely wounded.
You barely miss the gnoll.
You feel sick. The gnoll sergeant closely misses you. The gnoll misses you.
The gnoll hits you from afar with a +0 spear.
Unknown command.
You hit the gnoll sergeant but do no damage.
The gnoll sergeant is severely wounded.
You hit the gnoll.
You kill the gnoll!
You feel sick. The gnoll sergeant closely misses you.
The gnoll hits you from afar with a +0 spear.
* * * LOW HITPOINT WARNING * * *
The gnoll closely misses you. x2
The gnoll sergeant hits you with a +2 spear of venom.
* * * LOW HITPOINT WARNING * * *
You are lethally poisoned!
The gnoll closely misses you.
You feel better.
The gnoll hits you from afar with a +0 spear.
The gnoll sergeant hits you with a +2 spear of venom.
* * * LOW HITPOINT WARNING * * *
The gnoll hits you from afar with a +0 spear.
* * * LOW HITPOINT WARNING * * *
The gnoll sergeant attacks as you move away!
The gnoll sergeant hits you with a +2 spear of venom!
* * * LOW HITPOINT WARNING * * *
You are lethally poisoned!
You die...

#≈≈≈##≈....#
≈≈≈≈≈≈≈....#
....#......#
.######+##......#
................#
.........gg....)#
........g.......#
.........)......#
.......@........#
.....#####......#
..#+# #......#
#......# #......#
......# ....


You could see a gnoll sergeant and 2 gnolls.

Vanquished Creatures
  A gnoll (D:4)
  4 adders
  A worm (D:4)
  6 dart slugs
  5 orcs (D:3)
  6 endoplasms
  2 giant cockroaches
  7 hobgoblins
  12 jackals (D:2)
  2 quokkas (D:3)
  6 ball pythons
  6 bats
  5 frilled lizards
  5 goblins
  6 kobolds
  6 rats
80 creatures vanquished.

Notes
Turn   | Place    | Note
-------+----------+-------------------------------------------
     0 | D:1      | xian the Hill Orc Gladiator began the quest for the Orb.
     0 | D:1      | Reached XP level 1. HP: 18/18 MP: 1/1
   449 | D:1      | Reached XP level 2. HP: 19/25 MP: 2/2
   587 | D:1      | Found Rearhag's Armour Shop.
   609 | D:1      | Reached XP level 3. HP: 27/30 MP: 3/3
   651 | D:1      | Reached skill level 1 in Armour
   772 | D:1      | You fall into a shaft and drop 1 floor!
  1043 | D:2      | Reached skill level 5 in Axes
  1043 | D:2      | Reached XP level 4. HP: 27/37 MP: 4/4
  1379 | D:2      | Found Xawkeg's Antique Armour Boutique.
  2010 | D:3      | Reached XP level 5. HP: 45/45 MP: 5/5
  2381 | D:3      | Found a radiant altar of Vehumet.
  2627 | D:4      | HP: 1/45 [gnoll sergeant/+2 spear of venom (9)]
  2627 | D:4      | Succumbed to a gnoll sergeant's poison

Illustrated notes

Levels and vault maps discovered:
D:1:      lightli_arrival_statue_moat, layout_loops_ring, serial_shops,
          shop_coins
D:2:      layout_loops_ring, serial_shops, nicolae_shop_crystal,
          grunt_ministairs_9
D:3:      layout_loops_ring, lemuel_tele_altar, minmay_stone_trees_small,
          chequers_serial_rivers_micro_a
D:4:      layout_gridville, gammafunk_ghost_abyssal_escape, nrook_mini_vaults,
          nicolae_kite_square_tiling_tiny, lightli_minifort

Skill      XL: |  1  2  3  4  5 |
---------------+----------------+-----
Armour         | 1 2 |  2.2
Axes           | 5 |  5.8
Fighting       | 3 |  3.1
Dodging        | 3 |  3.1
Throwing       | |  1.8
Stealth        | |  0.1

Action                   |  1- 3 |  4- 6 || total
-------------------------+-------+-------++-------
Melee: War axe           |    85 |    95 ||   180
       Punch             |     3 |       ||     3
Throw: Dart              |       |     2 ||     2
       Throwing net      |       |     1 ||     1
  Use: Potion            |       |     2 ||     2
 Stab: Held in net/web   |       |     1 ||     1
Armor: Leather armour    |     7 |       ||     7
       Ring mail         |    27 |    38 ||    65
Dodge: Dodged            |    48 |    85 ||   133
